AoeStats
← fgallardo1993

Nomad

510075265Analyzed
3v3 RM · 3d ago on Sep 29, 2026· 50m 36s· 6 players
Game mode
Random Map
Map size
210×210
Population
200
Speed
Normal
Resources
Standard
Victory
Conquest
Starting age
Dark Age
Ending age
Imperial Age
RankedLock teamsTeams togetherTeam positionsShared explorationLock speedFull tech treeHidden civsTurbo modeCheats
Victory
Defeat
🇦🇺 Chinese · Australia
703
+6
🇮🇳 Huns · India
649
+8
🇵🇱 Ethiopians · Poland
341
+19
🇪🇸 Malay · Spain
536
-15
🇪🇸 Burgundians · Spain
433
-10
🇯🇴 Varangians · Jordan
373
-8
fgallardo1993
17:59 Feudal Age
20:20 Fishing Lines
20:50 Horse Collar
22:50 Double-Bit Axe
26:29 Wheelbarrow
29:06 Castle Age
27:14 Gold Mining
29:14 Gillnets
30:29 Stone Mining
35:48 Thumb Ring
36:22 Bow Saw
37:36 Thalassocracy
39:19 Heavy Plow
40:09 Ballistics
40:51 Medium Warships
44:03 Imperial Age
41:52 Hand Cart
45:28 Chemistry
50:26 Heavy Warships
JASON84
3:33 Loom
13:17 Wheelbarrow
14:58 Fishing Lines
17:55 Feudal Age
16:39 Horse Collar
18:47 Heavy Plow
20:25 Double-Bit Axe
21:39 Bow Saw
22:34 Gillnets
22:52 Man-at-Arms
23:42 Stone Mining
24:13 Gold Mining
24:17 Arson
26:14 Hand Cart
28:07 Stone Shaft Mining
30:44 Padded Archer Armor
30:44 Scale Mail Armor
34:02 Castle Age
32:30 Scale Barding Armor
32:36 Forging
32:16 Fletching
32:25 Town Watch
33:10 Fletching
35:05 Squires
35:49 Gold Shaft Mining
36:55 Two-Man Saw
37:05 Husbandry
36:27 Light Cavalry
37:23 Medium Warships
38:10 Bodkin Arrow
38:08 Guard Tower
38:37 Demolition Ship
39:49 Crop Rotation
39:46 Murder Holes
39:33 Treadmill Crane
41:17 Town Patrol
41:18 Herbal Medicine
41:24 Atonement
43:09 Burgundian Vineyards
43:22 Chain Mail Armor
43:23 Leather Archer Armor
42:44 Cavalier
44:22 Leather Archer Armor
43:30 Elite Skirmisher
yazeed_niva
20:10 Feudal Age
28:26 Castle Age
37:52 Imperial Age
39:44 Elite Varangian Guard
betalbaadshah
4:40 Loom
16:06 Feudal Age
16:50 Double-Bit Axe
16:48 Horse Collar
17:55 Wheelbarrow
17:44 Gold Mining
18:01 Town Watch
18:09 Stone Mining
18:43 Fishing Lines
20:00 Scale Barding Armor
19:56 Scale Mail Armor
19:50 Fletching
20:01 Padded Archer Armor
21:34 Forging
21:25 Scale Mail Armor
23:12 Arson
22:53 Man-at-Arms
27:14 Castle Age
29:04 Long Swordsman
29:45 Squires
33:45 Hand Cart
33:31 Town Patrol
33:35 Gillnets
37:05 Chain Barding Armor
37:00 Chain Mail Armor
37:56 Iron Casting
39:11 Bodkin Arrow
39:31 Leather Archer Armor
39:19 Heavy Plow
39:32 Bow Saw
44:09 Imperial Age
44:24 Marauders
44:37 Husbandry
44:48 Bloodlines
44:37 Elite Tarkan
45:38 Conscription
46:38 Gold Shaft Mining
47:15 Atheism
damianosdanielakos
13:18 Loom
15:52 Feudal Age
17:20 Wheelbarrow
16:54 Horse Collar
17:57 Double-Bit Axe
20:01 Gold Mining
20:02 Stone Mining
22:32 Town Watch
24:15 Forging
24:06 Scale Mail Armor
24:09 Padded Archer Armor
24:00 Fletching
24:16 Scale Barding Armor
29:44 Castle Age
28:20 Man-at-Arms
28:47 Arson
31:05 Hand Cart
31:23 Heavy Plow
31:36 Bow Saw
32:06 Gold Shaft Mining
33:41 Thumb Ring
35:36 Bodkin Arrow
35:44 Town Patrol
35:10 Crossbowman
35:11 Elite Skirmisher
35:57 Husbandry
35:18 Light Cavalry
36:40 Ballistics
36:45 Masonry
36:54 Fervor
37:37 Sanctity
37:24 Squires
38:02 Murder Holes
39:08 Devotion
39:47 Stone Shaft Mining
40:48 Caravan
41:09 Long Swordsman
48:07 Imperial Age
46:36 Chain Mail Armor
46:41 Chain Barding Armor
46:36 Atonement
48:28 Royal Heirs
48:47 Leather Archer Armor
49:11 Iron Casting
49:50 Heated Shot
50:32 Architecture
fat sandwiches
13:10 Loom
17:01 Feudal Age
19:12 Fishing Lines
23:50 Double-Bit Axe
26:14 Castle Age
25:06 Gold Mining
25:07 Stone Mining
28:05 Bloodlines
27:55 Husbandry
27:16 Light Cavalry
28:34 Gillnets
28:56 Medium Warships
30:15 Wheelbarrow
29:26 Town Watch
34:13 Imperial Age
36:22 Chemistry
35:19 Murder Holes
37:07 Heavy Warships
37:19 Hand Cart
37:44 Shipwright
40:20 Ballistics
39:55 Fletching
40:16 Forging
40:06 Padded Archer Armor
39:54 Arson
40:10 Squires
44:05 Town Patrol
49:29 Bow Saw
49:58 Gold Shaft Mining
Connection lost

Rejoining the realm…

Still unreachable

The connection could not be restored.

Session expired

The server has moved on; the page needs a fresh start.